 Dungeon Crawl Stone Soup version 0.22-a0-412-g2b68d144a4 (webtiles) character file.

7894 Kriby the Grappler (level 11, -5/101 HPs)
             Began as a Troll Monk on May 12, 2018.
             Was an Elder of Hepliaklqana.
             Slain by a nine-headed hydra (8 damage)
             ... on level 1 of the Lair of Beasts.
             The game lasted 00:07:07 (6912 turns).

Kriby the Grappler (Troll Monk)                     Turns: 6912, Time: 00:07:07

Health: -5/101     AC:  7    Str: 24    XL:     11   Next: 2%
Magic:  0/10       EV: 11    Int:  6    God:    Hepliaklqana [****..]
Gold:   311        SH:  9    Dex: 12    Spells: 10/10 levels left

rFire    . . .     SeeInvis .     - Unarmed
rCold    + . .     Gourm    +   v - +0 shield
rNeg     + . .     Faith    .   a - +0 robe
rPois    .         Spirit   +   (helmet restricted)
rElec    .         Reflect  .   (no cloak)
rCorr    .         Harm     .   (gloves unavailable)
MR       .....                  (boots unavailable)
Stlth    +++.......             s - amulet of guardian spirit
HPRegen  0.66/turn              c - ring of stealth
MPRegen  0.12/turn              q - ring of positive energy

@: about to teleport
A: large, unfitting armour, reduced essence, claws 3, rugged brown scales 1,
cold resistance 1, fast metabolism 3, gourmand, regeneration 1, shaggy fur 2,
tough skin 2
a: Recall Ancestor, Ancestor Identity, Transference, Idealise, Renounce Religion


You were on level 1 of the Lair of Beasts.
You worshipped Hepliaklqana.
Hepliaklqana was greatly pleased with you.
You were completely stuffed.

You visited 3 branches of the dungeon, and saw 11 of its levels.

You collected 311 gold pieces.

Inventory:

Armour
 a - a +0 robe (worn)
 v - a +0 shield (worn)
Jewellery
 c - a ring of stealth (left claw)
 q - a ring of positive energy (right claw)
 s - an amulet of guardian spirit (around neck)
Wands
 h - a wand of paralysis (39)
 r - a wand of digging (14)
Scrolls
 d - a scroll of acquirement {unknown}
 e - 4 scrolls of amnesia {unknown}
 f - 4 scrolls of identify
 g - a scroll of enchant armour {unknown}
 j - 3 scrolls of teleportation
 k - a scroll of holy word {unknown}
 l - 3 scrolls of remove curse {unknown}
 m - a scroll of fog {unknown}
 n - a scroll of random uselessness {unknown}
 o - a scroll of immolation {unknown}
 w - a scroll of fear {unknown}
Potions
 i - 3 potions of curing
 p - a potion of agility {unknown}
 u - 2 potions of degeneration {unknown}
Comestibles
 b - 12 rations
 t - 5 chunks of flesh


   Skills:
 + Level 7.4 Fighting
 + Level 7.4 Dodging
 - Level 1.0 Stealth
 * Level 2.5 Shields
 * Level 12.0 Unarmed Combat
 + Level 0.0 Evocations


You had 10 spell levels left.
You didn't know any spells.
Your spell library contained the following spells:

 Spells                   Type           Power        Failure   Level  Hunger
 Magic Dart               Conj           #...         89%         1    ##.....
 Summon Small Mammal      Summ           #...         89%         1    ##.....
 Iskenderun's Mystic Bla  Conj           #.......     100%        4    #####..
 Summon Ice Beast         Ice/Summ       #.......     100%        4    #####..
 Call Imp                 Summ           #.......     96%         2    ###....
 Call Canine Familiar     Summ           #.......     99%         3    ####...
 Fulminant Prism          Conj/Hex       #.........   100%        4    #####..
 Dazzling Spray           Conj/Hex       #.....       99%         3    ####...
 Force Lance              Conj/Tloc      #.......     100%        4    #####..
 Searing Ray              Conj           #.....       96%         2    ###....
 Summon Lightning Spire   Summ/Air       #.......     100%        4    #####..
 Summon Guardian Golem    Hex/Summ       #.......     99%         3    ####...


Dungeon Overview and Level Annotations

Branches:
Dungeon (10/15)            Temple (1/1) D:4            Lair (1/6) D:9
    Orc: D:9-12

Altars:
Ashenzari
Cheibriados
Dithmenos
Elyvilon
Fedhas
Gozag
Hepliaklqana
Kikubaaqudgha
Makhleb
Nemelex Xobeh
Qazlal
Ru
Trog
Uskayaw
Wu Jian
Xom
Zin
The Shining One

Shops:
D:7 (

Annotations:
D:3 splatterpode's ghost, amateur OpFi


Innate Abilities, Weirdness & Mutations

You are too large for most types of armour.
You have claws for hands.
Your metabolism is lightning-fast.
You like to eat raw meat.
Your natural rate of healing is unusually fast.
You are covered in thick fur. (AC +2)
You have very tough skin. (AC +2)
Your life essence is reduced to manifest your ancestor. (-10% HP)
You are partially covered in rugged brown scales. (AC +1, +3% HP)
Your flesh is cold resistant. (rC+)


Message History

You see here a dagger.
Your surroundings seem slightly different.
Laslo hits the nine-headed hydra with a dagger of draining!
Laslo hits the nine-headed hydra with a dagger of draining!
Laslo drains the nine-headed hydra!
As you read the scroll of teleportation, it crumbles to dust.
You feel strangely unstable. The nine-headed hydra bites you!
You block the nine-headed hydra's attack.
The nine-headed hydra bites you!
* * * LOW HITPOINT WARNING * * *
The nine-headed hydra bites you!
* * * LOW HITPOINT WARNING * * *
The nine-headed hydra bites you!
* * * LOW HITPOINT WARNING * * *
The nine-headed hydra bites you!
* * * LOW HITPOINT WARNING * * *
The nine-headed hydra barely misses you.
The nine-headed hydra bites you but does no damage.
The nine-headed hydra bites you!
You die...

## #########
.####.#P.##.##############.##
.............................
................@DR).........
############.##.#..#####P##.#
# ######..# #..# # #..# ##(#
.... .... ...... #.#. ###...
##♣.#.♣ #..#


You could see the friendly Laslo the hexer and a nine-headed hydra.

Vanquished Creatures
  A two-headed ogre (D:9)
  The ghost of Kriby the Grappler, a novice TrMo (D:7)
  An elephant (Lair:1)
  A spriggan (D:7)
  7 yaks
  3 hungry ghosts
  2 steam dragons
  A porcupine (Lair:1)
  A hornet zombie (D:7)
  A sky beast (D:8)
  An ice beast (D:9)
  2 black bears (D:9)
  3 ogres
  4 wolves (Lair:1)
  4 centaurs
  A crocodile (Lair:1)
  4 bullfrogs
  A gnoll sergeant (D:10)
  2 scorpions
  9 killer bees (D:9)
  4 wights (D:8)
  5 crimson imps
  5 howler monkeys
  A bullfrog zombie (D:9)
  A hound (D:9)
  A centaur skeleton (D:8)
  An orc priest (D:10)
  6 orc wizards
  A worker ant (D:4)
  A killer bee zombie (D:10)
  A hound skeleton (D:9)
  A mummy (D:8)
  A worker ant zombie (D:7)
  6 adders
  7 gnolls
  A shadow imp (D:5)
  An adder zombie (D:10)
  An adder skeleton (D:7)
  A worm (D:2)
  2 dart slugs (D:2)
  3 leopard geckos
  20 orcs
  5 bats
  A giant cockroach (D:2)
  4 hobgoblins
  14 jackals
  8 kobolds
  2 quokkas
  3 frilled lizards
  A giant cockroach zombie (D:5)
  8 goblins
  3 rats
170 creatures vanquished.

Vanquished Creatures (collateral kills)
  A black mamba (Lair:1)
  A hippogriff (D:8)
  A yak (D:9)
  A hungry ghost (D:10)
  A sky beast (D:10)
  An ice beast (D:8)
  A killer bee (D:9)
  A howler monkey (D:10)
  A jelly (D:10)
  A worker ant (D:7)
  2 gnolls
  A jackal (D:10)
13 creatures vanquished.

Vanquished Creatures (others)
  4 hexers
  4 plants (Lair:1)
8 creatures vanquished.

Grand Total: 191 creatures vanquished

Notes
Turn   | Place    | Note
-------+----------+-------------------------------------------
     0 | D:1      | Kriby the Troll Monk began the quest for the Orb.
     0 | D:1      | Reached XP level 1. HP: 22/22 MP: 0/0
   187 | D:1      | Reached XP level 2. HP: 29/29 MP: 1/1
   620 | D:2      | Found a hide-covered altar of Uskayaw.
   679 | D:2      | Reached XP level 3. HP: 36/36 MP: 2/2
   884 | D:2      | Reached skill level 4 in Unarmed Combat
  1026 | D:2      | Reached XP level 4. HP: 39/44 MP: 3/3
  1348 | D:3      | Noticed splatterpode's ghost (amateur OpFi)
  1358 | D:3      | Gained mutation: You are partially covered in rugged brown scales. (AC +1, +3% HP) [potion of mutation]
  1358 | D:3      | Gained mutation: You are covered in thick fur. (AC +2) [potion of mutation]
  1358 | D:3      | Gained mutation: Your flesh is cold resistant. (rC+) [potion of mutation]
  1586 | D:4      | Reached XP level 5. HP: 47/54 MP: 4/4
  1818 | D:4      | Found an ornate altar of the Wu Jian Council.
  1935 | D:4      | Found a staircase to the Ecumenical Temple.
  2142 | Temple   | Entered the Ecumenical Temple
  2355 | Temple   | Became a worshipper of Hepliaklqana the Forgotten
  2355 | Temple   | Reached * piety under Hepliaklqana
  2355 | Temple   | Reached ** piety under Hepliaklqana
  2356 | Temple   | Remembered your ancestor Laslo as a hexer
  2424 | D:5      | Entered Level 5 of the Dungeon
  2498 | D:5      | You fall through a shaft for 3 floors!
  2544 | D:8      | Reached skill level 5 in Unarmed Combat
  2576 | D:8      | Noticed an ice beast
  2583 | D:8      | Noticed an ogre
  2583 | D:8      | Killed an ice beast
  2583 | D:8      | Reached XP level 6. HP: 56/56 MP: 5/5
  2612 | D:8      | Reached skill level 6 in Unarmed Combat
  2861 | D:8      | Reached XP level 7. HP: 58/63 MP: 6/6
  2912 | D:8      | Noticed a hungry ghost
  2921 | D:8      | Killed a hungry ghost
  2967 | D:8      | Noticed a hippogriff
  3159 | D:8      | Killed a hippogriff
  3159 | D:8      | Reached skill level 7 in Unarmed Combat
  3228 | D:8      | Reached XP level 8. HP: 70/73 MP: 7/7
  3340 | D:8      | Found a snail-covered altar of Cheibriados.
  3491 | D:9      | Reached skill level 5 in Fighting
  3491 | D:9      | Reached skill level 5 in Dodging
  3491 | D:9      | Reached skill level 8 in Unarmed Combat
  3855 | D:7      | Found Okigeo's Weapon Boutique.
  3865 | D:7      | Noticed Kriby's ghost (novice TrMo)
  3884 | D:7      | HP: 4/111 [Kriby's ghost (4)]
  3886 | D:7      | Killed Kriby's ghost
  3886 | D:7      | Reached skill level 9 in Unarmed Combat
  3886 | D:7      | Reached XP level 9. HP: 6/82 MP: 8/8
  4032 | D:7      | Found a burning altar of Makhleb.
  4159 | D:7      | Reached *** piety under Hepliaklqana
  4166 | D:7      | Found an ancient bone altar of Kikubaaqudgha.
  4581 | D:7      | Reached skill level 10 in Unarmed Combat
  4691 | D:7      | Found a glowing silver altar of Zin.
  4936 | D:9      | Found a staircase to the Lair.
  5038 | D:9      | Found a blossoming altar of Fedhas.
  5053 | D:9      | Noticed a two-headed ogre
  5067 | D:9      | Killed a two-headed ogre
  5067 | D:9      | Reached XP level 10. HP: 84/93 MP: 9/9
  5138 | D:9      | Reached skill level 11 in Unarmed Combat
  5615 | D:10     | Entered Level 10 of the Dungeon
  5889 | D:10     | Reached **** piety under Hepliaklqana
  6239 | D:10     | Reached skill level 1 in Shields
  6689 | Lair:1   | Entered Level 1 of the Lair of Beasts
  6779 | Lair:1   | Noticed an elephant
  6779 | Lair:1   | Noticed a black mamba
  6786 | Lair:1   | Killed a black mamba
  6793 | Lair:1   | Killed an elephant
  6793 | Lair:1   | Reached skill level 12 in Unarmed Combat
  6793 | Lair:1   | Reached XP level 11. HP: 47/101 MP: 5/10
  6863 | Lair:1   | Noticed an eight-headed hydra
  6912 | Lair:1   | HP: 3/101 [nine-headed hydra (10)]
  6912 | Lair:1   | Slain by a nine-headed hydra

Vault maps used:
D:1:      kennysheep_arrival_forest, minmay_door_square
D:2:      lemuel_crystal_altar
D:3:      grunt_temple_overflow_magic_moments, kennysheep_okawaru_gauntlet,
          first_ration, uniq_jessica, uniq_natasha, uniq_grinder
D:4:      kennysheep_little_box, lemuel_temple_firewalk_b
D:5:      kennysheep_nondescript, lemuel_flame_loot_1
D:7:      lemuel_doored_altar, lemuel_coloured_pillars_altar, basic_altar,
          serial_shops, kennysheep_mini_moat, the_bakery
D:8:      slow_altar_2
D:9:      kennysheep_mini, dpeg_oklobed_lair
Temple:   minmay_temple_curvy_loop
Lair:1:   wad_woods_tower, lemuel_fruit_fields, uniq_joseph

Skill      XL: |  1  2  3  4  5  6  7  8  9 10 |
---------------+-------------------------------+-----
Unarmed Combat | 4 5 6 7 9 10 12 | 12.0
Dodging        | 3 4 5 6 7 |  7.4
Fighting       | 3 4 5 6 7 |  7.4
Shields        | 2 |  2.5
Stealth        | |  1.0

Action                   |  1- 3 |  4- 6 |  7- 9 | 10-12 || total
-------------------------+-------+-------+-------+-------++-------
Melee: Unarmed           |    93 |   131 |   183 |   181 ||   588
       Punch             |       |     1 |    10 |     7 ||    18
Invok: Recall Ancestor   |       |     1 |     1 |       ||     2
       Ancestor Life: He |       |     1 |       |       ||     1
Evoke: Wand              |       |       |       |     4 ||     4
  Use: Potion            |       |     4 |     3 |       ||     7
       Scroll            |       |       |     1 |     2 ||     3
 Stab: Sleeping          |    13 |     1 |     4 |     2 ||    20
       Confused          |       |       |     2 |       ||     2
       Distracted        |       |       |       |     2 ||     2
  Eat: Chunk             |    15 |    12 |    35 |    23 ||    85
       Ration            |       |       |     1 |       ||     1
Armor: Robe              |    26 |    26 |    40 |    40 ||   132
       Skin              |       |       |     3 |       ||     3
Dodge: Dodged            |    40 |    79 |    84 |   106 ||   309
Block: Shield            |       |       |       |    30 ||    30

Table legend:
 A = Spawn XP
 B = Non-spawn XP
 C = Spawn XP percentage of total XP
 D = Spawn monster count
 E = Non-spawn monster count
 F = Spawn count percentage of total count
 G = Total turns spent on level
                    A         B        C        D         E        F      G
               +---------+---------+-------+---------+---------+-------+---------
         Total |       0 |   11278 |   0.0 |       0 |     183 |   0.0 |  6912
               +---------+---------+-------+---------+---------+-------+---------
           D:1 |       0 |      35 |   0.0 |       0 |      20 |   0.0 |   620
           D:2 |       0 |      72 |   0.0 |       0 |      23 |   0.0 |   738
           D:3 |       0 |       2 |   0.0 |       0 |       1 |   0.0 |    89
           D:4 |       0 |     117 |   0.0 |       0 |      19 |   0.0 |   751
           D:5 |       0 |      55 |   0.0 |       0 |       5 |   0.0 |    74
           D:7 |       0 |    2102 |   0.0 |       0 |      24 |   0.0 |  1103
           D:8 |       0 |    2044 |   0.0 |       0 |      24 |   0.0 |  1196
           D:9 |       0 |    3422 |   0.0 |       0 |      27 |   0.0 |   837
          D:10 |       0 |    1797 |   0.0 |       0 |      32 |   0.0 |  1055
        Lair:1 |       0 |    1632 |   0.0 |       0 |       8 |   0.0 |   223
               +---------+---------+-------+---------+---------+-------+---------
